 Dungeon Crawl Stone Soup version 0.19-a0-231-gae044c8 (webtiles) character file.

757 oplop the Sneak (level 7, -7/34 HPs)
             Began as a Vine Stalker Enchanter on May 25, 2016.
             Was a Follower of Ukayaw.
             Shot with an arrow by a centaur (16 damage)
             ... on level 5 of the Dungeon.
             The game lasted 00:09:32 (2627 turns).

oplop the Sneak (Vine Stalker Enchanter)            Turns: 2627, Time: 00:09:33

Health: -7/34      AC:  4    Str: 10    XL:     7   Next: 79%
Magic:  0/14       EV: 13    Int: 15    God:    Ukayaw [*.....]
Gold:   221        SH:  0    Dex: 17    Spells: 4 memorised, 5 levels left

rFire  . . .     SeeInvis .     a - +1 dagger
rCold  . . .     Gourm    .     b - +2 robe
rNeg   . . .     Faith    .     (no shield)
rPois  .         Spirit   +     (no helmet)
rElec  .         Dismiss  .     (no cloak)
rCorr  .         Reflect  .     (no gloves)
SustAt .         Harm     .     (no boots)
MR     .....                    (no amulet)
Stlth  +++.......               (no ring)
                                (no ring)

@: not resistant to hostile enchantments, fairly stealthy
A: fangs 2, regeneration 2, magic shield, antimagic bite, no device heal 3, rot
immunity
a: Stomp, Renounce Religion


You were on level 5 of the Dungeon.
You worshipped Ukayaw.
Ukayaw was aware of your devotion.
You were not hungry.

You visited 1 branch of the dungeon, and saw 5 of its levels.

You collected 221 gold pieces.

Inventory:

Hand Weapons
 a - a +1 dagger (weapon)
Armour
 b - a +2 robe (worn)
Jewellery
 f - an uncursed ring of wizardry {unknown}
 k - a cursed -2 ring of dexterity {unknown}
 q - an uncursed amulet of rage {unknown}
 t - an uncursed ring of protection from cold {unknown}
Wands
 m - a wand of paralysis (5/24)
Scrolls
 g - 7 scrolls of identify
 h - 2 scrolls of magic mapping
 i - 3 scrolls of remove curse
 n - a scroll of noise {unknown}
Potions
 e - 4 potions of curing
 o - a potion of resistance
Books
 c - a book of Maledictions

   Spells                             Type                      Level
   a - Corona                         Hexes                        1
   b - Ensorcelled Hibernation        Hexes/Ice                    2
   c - Confuse                        Hexes                        3
   d - Tukima's Dance                 Hexes                        3
   e - Dazzling Spray                 Conjuration/Hexes            3
Comestibles
 d - 3 bread rations
 j - 2 royal jellies
 l - 2 slices of pizza


   Skills:
 + Level 1.9 Fighting
 + Level 2.5 Short Blades
 + Level 2.7 Dodging
 + Level 6.5 Stealth
 - Level 4.1 Spellcasting
 + Level 4.8 Hexes
 + Level 1.3 Invocations


You had 5 spell levels left.
You knew the following spells:

 Your Spells              Type           Power        Failure   Level  Hunger
a - Corona                Hex            ###....      2%          1    None
b - Ensorcelled Hibernat  Hex/Ice        ##....       12%         2    ##.....
c - Confuse               Hex            ###.....     10%         3    ###....
d - Tukima's Dance        Hex            ###.....     10%         3    ###....


Dungeon Overview and Level Annotations

Branches:
Dungeon (5/15)
 Temple: D:4-7

Altars:
Ashenzari
Dithmenos
Fedhas
Qazlal
Trog
Ukayaw
Vehumet
The Shining One


Innate Abilities, Weirdness & Mutations

You have extremely sharp teeth.
You heal very quickly.
When hurt, damage is shared between your health and your magic reserves.
Your bite disrupts and absorbs the magic of your enemies.
Potions and wands cannot restore your health.
You are immune to rotting.


Message History

The centaur shoots an arrow.
The arrow closely misses you.
Casting: Confuse
Confirm with . or Enter, or press ? or * to list all spells.
Aiming: Confuse
Press: ? - help, Shift-Dir - straight line, f - centaur
Aim: a centaur, wielding a shortbow (chance to defeat MR: 48%)
The centaur resists with some effort.
The centaur shoots an arrow.
The arrow hits you!
* * * LOW HITPOINT WARNING * * *
Casting: Confuse
Confirm with . or Enter, or press ? or * to list all spells.
You don't have enough magic to cast that spell.
Casting: Confuse
Confirm with . or Enter, or press ? or * to list all spells.
Aiming: Ensorcelled Hibernation
Press: ? - help, Shift-Dir - straight line, f/p - centaur
Aim: a centaur, wielding a shortbow (chance to defeat MR: 41%)
The centaur resists with some effort.
The centaur shoots an arrow.
The arrow hits you!
You die...

***,,,*,,,*,,..........
*,,,,***######.........
*,,,,,,,*..............
*,,,*,,,*,..[..........
*,,***######...##......
***,,,,,#.........######.
*..,,,,,#.........#......
*....#######........####.
*....c..@.....###....(##.
*........((#### #.#....#.
*........[.# #>#......
*..........# #.##.....
*#####..#### #.###...#
##.* #..[##... #.**
###.##... #.,** #.###.#
**,,* #.##...


You could see a centaur.

Vanquished Creatures
  Purgy (D:3)
  2 ogres
  3 centaurs
  2 crimson imps (D:5)
  A centaur skeleton (D:4)
  2 iguanas (D:4)
  A worker ant (D:4)
  A hound skeleton (D:5)
  A worker ant zombie (D:5)
  2 adders
  A shadow imp (D:5)
  An ooze (D:2)
  2 worms (D:2)
  A dart slug (D:4)
  2 giant geckos
  6 orcs
  5 giant cockroaches
  2 goblins
  6 hobgoblins
  2 jackals (D:2)
  3 quokkas
  A ball python (D:3)
  9 bats
  3 giant newts
  A jackal skeleton (D:4)
  5 kobolds
  7 rats
73 creatures vanquished.

Vanquished Creatures (others)
  A shadow imp (D:5)
1 creature vanquished.

Grand Total: 74 creatures vanquished

Notes
Turn   | Place    | Note
--------------------------------------------------------------
     0 | D:1      | oplop the Vine Stalker Enchanter began the quest for the Orb.
     0 | D:1      | Reached XP level 1. HP: 9/9 MP: 4/4
   425 | D:1      | Reached skill level 4 in Stealth
   432 | D:1      | Reached XP level 2. HP: 8/13 MP: 3/6
   443 | D:1      | Learned a level 2 spell: Ensorcelled Hibernation
   745 | D:2      | Found a shadowy altar of Dithmenos.
   746 | D:2      | Found a glowing golden altar of the Shining One.
   756 | D:2      | Reached XP level 3. HP: 16/16 MP: 8/8
   868 | D:2      | Found a blossoming altar of Fedhas.
  1017 | D:2      | Noticed a moth of wrath
  1019 | D:2      | Found a bloodstained altar of Trog.
  1174 | D:3      | Found a hide-covered altar to Ukayaw.
  1186 | D:3      | Reached XP level 4. HP: 21/21 MP: 9/9
  1198 | D:3      | Became a worshipper of Ukayaw the Reveler
  1201 | D:3      | Noticed Purgy
  1203 | D:3      | jacquesderrida: Хай
  1210 | D:3      | jacquesderrida: Это снова я
  1211 | D:3      | Reached * piety under Ukayaw
  1234 | D:3      | jacquesderrida: Пурген
  1284 | D:3      | Learned a level 3 spell: Confuse
  1368 | D:3      | Reached skill level 5 in Stealth
  1368 | D:3      | Reached ** piety under Ukayaw
  1418 | D:3      | Reached *** piety under Ukayaw
  1419 | D:3      | Killed Purgy
  1419 | D:3      | Reached XP level 5. HP: 5/24 MP: 0/11
  1420 | D:3      | Wingboner: Голодный тролль убит ещё более голодной феечкой.
  1420 | D:3      | Wingboner: > Purgy ponders the situation.
  1420 | D:3      | oplop: f
  1420 | D:3      | oplop: а
  1420 | D:3      | oplop: его укулель заслипал
  1420 | D:3      | oplop: запаралайзил
  1420 | D:3      | Wingboner: Дык Ука вообще рулит.
  1420 | D:3      | oplop: инвоки бы вкачать еще
  1420 | D:3      | jacquesderrida: http://royallib.com/read/masodov_ilya/zolotoy_tarakan.html#0
  1435 | D:3      | jacquesderrida: читайте, сука бля
  1439 | D:4      | Reached skill level 1 in Short Blades
  1440 | D:4      | jacquesderrida: Нето врежу...
  1456 | D:4      | oplop: блядь
  1456 | D:4      | oplop: иди нахуй отсюда
  1456 | D:4      | oplop: НАХУЙ
  1456 | D:4      | Wingboner: Только после того как ты прочитаешь Background Pony.
  1456 | D:4      | oplop: заебал
  1564 | D:4      | Learned a level 3 spell: Tukima's Dance
  1580 | D:4      | Wingboner: Да. Есть смысл, кстати, начинать файтером с рапирой, забивать на магию и стелс, и стабать чисто Укой.
  1609 | D:4      | Gained mutation: You heal very quickly. [Vine Stalker growth]
  1609 | D:4      | Reached XP level 6. HP: 6/29 MP: 5/12
  1647 | D:4      | Found a stormy altar of Qazlal.
  1647 | D:4      | Found a radiant altar of Vehumet.
  1722 | D:4      | Wingboner: У него ж там на двух звёздах конфуз.
  1846 | D:4      | Reached skill level 1 in Fighting
  2026 | D:4      | Wingboner: На трёх паралич.
  2033 | D:4      | Wingboner: А дальше вообще жесть сраная.
  2056 | D:5      | Entered Level 5 of the Dungeon
  2141 | D:3      | Found a faded altar to an unknown god.
  2197 | D:3      | Found a shattered altar of Ashenzari.
  2199 | D:3      | jacquesderrida: ЕБать ты нервный
  2199 | D:3      | jacquesderrida: Самому бы таблетки не помешали, сука бля!
  2199 | D:3      | oplop: у него инвоки на что то кроме стомпа влиияют?
  2243 | D:3      | jacquesderrida: Падла!
  2333 | D:5      | Wingboner: Да. На конфуз, на телефраг.
  2341 | D:5      | Reached skill level 6 in Stealth
  2346 | D:5      | Reached XP level 7. HP: 10/33 MP: 2/14
  2354 | D:5      | Reached **** piety under Ukayaw
  2360 | D:5      | Wingboner: Вот на двух звёздах line pass — телепорт через линию врагов, чем выше инвоки тем выше шанс конфуза их всех.
  2360 | D:5      | Wingboner: Обалденная штука.
  2473 | D:5      | oplop: не попадет он в стейбл
  2473 | D:5      | Wingboner: Поцчему?
  2473 | D:5      | oplop: отправится к джинам и сингулярности
  2483 | D:5      | Wingboner: Кек.
  2499 | D:5      | Wingboner: Да уходи наверх в коридор.
  2500 | D:5      | Wingboner: Ставь их в линию и прыгай.
  2502 | D:5      | Wingboner: Поздно.
  2530 | D:5      | Wingboner: А хотя выжил.
  2569 | D:5      | jacquesderrida: В голову Оли вошло вращательное движение густой тёмной массы, её зашатало, и она повалилась на круглый коврик, как оглушённая обухом овца. Сашка сделал неуклюжий шаг, нога его подвернулась, он плюхнулся на пол, и у него с глухим, мокрым ударом лопнуло лицо. Раз дёрнувшись, тело Сашки упало в бедро распростёршейся на боку сестры, заливая белую спальную рубашку девушки густой кровавой жижей из прорвавшейся головы. Получилась как бы рыба под соусом.
  2570 | D:5      | jacquesderrida: Смешно
  2570 | D:5      | oplop: это что-то типа шаповалова
  2570 | D:5      | oplop: примерно тот же уровень
  2570 | D:5      | oplop: только у него лучше получалось
  2572 | D:5      | jacquesderrida: "лучше"
  2577 | D:5      | jacquesderrida: Ебать ты чудик
  2585 | D:5      | jacquesderrida: Хотя данек збс
  2593 | D:5      | Reached skill level 1 in Invocations
  2627 | D:5      | Shot with an arrow by a centaur

Vault maps used:
D:1:      elethiomel_arrival_shortcut
D:2:      gammafunk_temple_overflow_statue, fedhas_altar_1, tgw_trog
D:3:      lemuel_crystal_altar, lemuel_doored_altar, ecumenical_altar_1,
          uniq_purgy
D:4:      gammafunk_temple_overflow_elements, first_bread
D:5:      nicolae_overflow_hidden_temple, hangedman_abyss_or_decor_stagger,
          uniq_eustachio

Skill      XL: |  1  2  3  4  5  6  7 |
---------------+----------------------+-----
Stealth        | 4 5 6 |  6.5
Spellcasting   | 3 4 |  4.1
Hexes          | 4 |  4.8
Short Blades   | 1 2 |  2.5
Dodging        | 2 |  2.7
Fighting       | 1 |  1.9
Invocations    | 1 |  1.3

Action                   |  1- 3 |  4- 6 |  7- 9 || total
-------------------------+-------+-------+-------++-------
Melee: Dagger            |   111 |    96 |    83 ||   290
       Bite              |    22 |    20 |    32 ||    74
 Cast: Confuse           |       |     7 |    11 ||    18
       Ensorcelled Hiber |       |     2 |     3 ||     5
Invok: Line Pass         |       |       |     1 ||     1
  Use: Scroll            |       |       |     9 ||     9
 Stab: Sleeping          |    14 |    12 |     2 ||    28
       Confused          |       |     5 |     4 ||     9
       Paralysed         |       |     2 |       ||     2
  Eat: Chunk             |       |     3 |       ||     3
       Meat ration       |       |     1 |       ||     1
Armor: Robe              |    29 |    18 |    14 ||    61
Dodge: Dodged            |    79 |    56 |    51 ||   186
